NCAA
CONNECTICUT HUSKIES @ PITTSBURGH PANTHERS
04/05/2028
 
TOP OF THE 1ST
Connecticut Huskies batting - Pitching for Pittsburgh Panthers : LHP Fernando Rivera
Pitching: LHP Fernando Rivera
Batting: RHB Steve Murphy 0-0: Ball
1-0: Foul Ball, location: 2F
1-1: Fly out, F9 (Flyball, 9S)
Batting: RHB Barrett Barr 0-0: Ball
1-0: Ball
2-0: Called Strike
2-1: Swinging Strike
2-2: Ball
3-2: Ground out 4-3 (Groundball, 4M)
Batting: LHB Stanley Smith 0-0: Ball
1-0: Ball
2-0: Ball
3-0: Base on Balls
Batting: RHB Bill Murray 0-0: Foul Ball, location: 2F
0-1: Ball
1-1: Swinging Strike
1-2: Foul Ball, location: 2F
1-2: Ball
2-2: Ball
3-2: Foul Ball, location: 2F
3-2: Foul Ball, location: 2F
3-2: Base on Balls
Stanley Smith to second
Batting: RHB Ward Dempsey 0-0: Ball
1-0: Swinging Strike
1-1: Foul Ball, location: 2F
1-2: Strikes out looking
Top of the 1st over - 0 run(s), 0 hit(s), 0 error(s), 2 left on base; Connecticut 0 - Pittsburgh 0
BOTTOM OF THE 1ST
Pittsburgh Panthers batting - Pitching for Connecticut Huskies : LHP Paul Williams
Pitching: LHP Paul Williams
Batting: SHB Tim Mullen 0-0: Called Strike
0-1: Foul Ball, location: 2F
0-2: Foul Ball, location: 2F
0-2: Ball
1-2: Strikes out looking
Batting: LHB Dave Brown 0-0: Ball
1-0: Swinging Strike
1-1: Fly out, F4 (Popup, 4D)
Batting: RHB Henry Cahill 0-0: Ball
1-0: Fly out, F6 (Line Drive, 6)
Bottom of the 1st over - 0 run(s), 0 hit(s), 0 error(s), 0 left on base; Connecticut 0 - Pittsburgh 0
TOP OF THE 2ND
Connecticut Huskies batting - Pitching for Pittsburgh Panthers : LHP Fernando Rivera
Batting: RHB Anthony Payton 0-0: Ball
1-0: Swinging Strike
1-1: Ball
2-1: Called Strike
2-2: Ball
3-2: Foul Ball, location: 2F
3-2: Strikes out swinging
Batting: LHB Al Dooley 0-0: Ball
1-0: Ball
2-0: Ball
3-0: Base on Balls
Batting: RHB Bill Moore 0-0: Ball
1-0: Called Strike
1-1: Called Strike
1-2: DOUBLE (Groundball, 5L)
Al Dooley to third
Batting: RHB John Hatch 0-0: Swinging Strike
0-1: Ground out 6-3 (Groundball, 6)
Al Dooley scores
Batting: RHB Steve Murphy 0-0: Ball
1-0: Ball
2-0: Foul Ball, location: 2F
2-1: Ball
3-1: Foul Ball, location: 2F
3-2: Hit by Pitch
Batting: RHB Barrett Barr 0-0: Ball
1-0: Foul Ball, location: 2F
1-1: Ball
2-1: Fly out, F8 (Flyball, 8LS)
Top of the 2nd over - 1 run(s), 1 hit(s), 0 error(s), 2 left on base; Connecticut 1 - Pittsburgh 0
BOTTOM OF THE 2ND
Pittsburgh Panthers batting - Pitching for Connecticut Huskies : LHP Paul Williams
Batting: LHB Pablo Garza 0-0: Called Strike
0-1: Ball
1-1: Swinging Strike
1-2: Ball
2-2: SINGLE (Flyball, 78S)
Batting: LHB Ramón Reynoso 0-0: Called Strike
0-1: Grounds into double play, 4-6-3 (Groundball, 4)
Batting: LHB Todd Emery 0-0: Ball
1-0: Ball
2-0: Ground out 4-3 (Groundball, 4S)
Bottom of the 2nd over - 0 run(s), 1 hit(s), 0 error(s), 0 left on base; Connecticut 1 - Pittsburgh 0
TOP OF THE 3RD
Connecticut Huskies batting - Pitching for Pittsburgh Panthers : LHP Fernando Rivera
Batting: LHB Stanley Smith 0-0: Called Strike
0-1: Called Strike
0-2: Foul Ball, location: 2F
0-2: Ball
1-2: Foul Ball, location: 2F
1-2: DOUBLE (Line Drive, 9LS)
Batting: RHB Bill Murray 0-0: DOUBLE (Line Drive, 7LM)
Stanley Smith scores
Batting: RHB Ward Dempsey 0-0: Foul Ball, location: 2F
0-1: Ball
1-1: SINGLE (Flyball, 7S)
Bill Murray to third
Batting: RHB Anthony Payton 0-0: Called Strike
0-1: Ball
1-1: Ball
2-1: Swinging Strike
2-2: Ball
3-2: Reached via error on a dropped throw, E1
Bill Murray scores
Ward Dempsey to second
Batting: LHB Al Dooley 0-0: Ball
1-0: Called Strike
1-1: Swinging Strike
1-2: Fly out, F7 (Flyball, 7LM)
Batting: RHB Bill Moore 0-0: Ball
1-0: Ball
2-0: Foul Ball, location: 2F
2-1: Ball
3-1: Base on Balls
Ward Dempsey to third
Anthony Payton to second
Batting: RHB John Hatch 0-0: Ball
1-0: Ball
2-0: SINGLE (Line Drive, 78M)
Ward Dempsey scores
Anthony Payton to third
Bill Moore to second
Runner from 3rd tries for Home, SAFE, no throw
Pitching: RHP Paul Bryant
Batting: RHB Steve Murphy 0-0: Single, Error in OF, E7, batter to second base
Bill Moore scores
John Hatch to third
Batting: RHB Barrett Barr 0-0: Called Strike
0-1: Called Strike
0-2: Foul Ball, location: 2F
0-2: Foul Ball, location: 2F
0-2: Strikes out swinging
Batting: LHB Stanley Smith 0-0: Ball
1-0: Ball
2-0: Foul Ball, location: 2F
2-1: Ball
3-1: Foul Ball, location: 2F
3-2: Foul Ball, location: 2F
3-2: Strikes out swinging
Top of the 3rd over - 5 run(s), 5 hit(s), 2 error(s), 2 left on base; Connecticut 6 - Pittsburgh 0
BOTTOM OF THE 3RD
Pittsburgh Panthers batting - Pitching for Connecticut Huskies : LHP Paul Williams
Batting: RHB Karl Stone 0-0: Foul Ball, location: 2F
0-1: Ball
1-1: Ball
2-1: Foul Ball, location: 2F
2-2: Strikes out swinging
Batting: LHB Harry Davis 0-0: Fly out, F3 (Line Drive, 3S)
Batting: RHB Richard Cardoza 0-0: SINGLE (Groundball, 6MD)
Batting: SHB Tim Mullen 0-0: Ball
1-0: Ball
2-0: Fielders Choice at 2nd, 5-4 (Groundball, 56)
Bottom of the 3rd over - 0 run(s), 1 hit(s), 0 error(s), 0 left on base; Connecticut 6 - Pittsburgh 0
TOP OF THE 4TH
Connecticut Huskies batting - Pitching for Pittsburgh Panthers : RHP Paul Bryant
Batting: RHB Bill Murray 0-0: Ball
1-0: Called Strike
1-1: Ball
2-1: Foul Ball, location: 2F
2-2: Strikes out swinging
Batting: RHB Ward Dempsey 0-0: Ground out 6-3 (Groundball, 6)
Batting: RHB Anthony Payton 0-0: Ball
1-0: Ground out 6-3 (Groundball, 6)
Top of the 4th over - 0 run(s), 0 hit(s), 0 error(s), 0 left on base; Connecticut 6 - Pittsburgh 0
BOTTOM OF THE 4TH
Pittsburgh Panthers batting - Pitching for Connecticut Huskies : LHP Paul Williams
Batting: LHB Dave Brown 0-0: Called Strike
0-1: Ball
1-1: Foul Ball, location: 2F
1-2: Ball
2-2: Ball
3-2: Foul Ball, location: 2F
3-2: Base on Balls
Batting: RHB Henry Cahill 0-0: Called Strike
0-1: Ball
1-1: Called Strike
1-2: Strikes out swinging
Batting: LHB Pablo Garza 0-0: Ball
1-0: Foul Ball, location: 2F
1-1: Ball
2-1: Swinging Strike
2-2: Fly out, F8 (Flyball, 78S)
Batting: LHB Ramón Reynoso 0-0: Called Strike
0-1: Ball
1-1: Foul Ball, location: 2F
1-2: Strikes out swinging
Bottom of the 4th over - 0 run(s), 0 hit(s), 0 error(s), 1 left on base; Connecticut 6 - Pittsburgh 0
TOP OF THE 5TH
Connecticut Huskies batting - Pitching for Pittsburgh Panthers : RHP Paul Bryant
Batting: LHB Al Dooley 0-0: Fly out, F7 (Flyball, 7)
Batting: RHB Bill Moore 0-0: Foul Ball, location: 2F
0-1: Fly out, F7 (Flyball, 7D)
Batting: RHB John Hatch 0-0: Ball
1-0: DOUBLE (Line Drive, 7)
Batting: RHB Steve Murphy 0-0: Foul Ball, location: 2F
0-1: Foul Ball, location: 2F
0-2: Ball
1-2: Foul Ball, location: 2F
1-2: Strikes out swinging
Top of the 5th over - 0 run(s), 1 hit(s), 0 error(s), 1 left on base; Connecticut 6 - Pittsburgh 0
BOTTOM OF THE 5TH
Pittsburgh Panthers batting - Pitching for Connecticut Huskies : LHP Paul Williams
Batting: LHB Todd Emery 0-0: Called Strike
0-1: Ball
1-1: Ball
2-1: Fly out, F7 (Flyball, 78D)
Batting: RHB Karl Stone 0-0: Ball
1-0: Called Strike
1-1: Reached on error, E5 (Groundball, 56)
Batting: LHB Harry Davis 0-0: Ball
1-0: Called Strike
1-1: Foul Ball, location: 2F
1-2: Strikes out swinging
Batting: RHB Richard Cardoza 0-0: Ball
1-0: Foul Ball, location: 2F
1-1: Swinging Strike
1-2: Foul Ball, location: 2F
1-2: Ball
2-2: Strikes out swinging
Bottom of the 5th over - 0 run(s), 0 hit(s), 1 error(s), 1 left on base; Connecticut 6 - Pittsburgh 0
TOP OF THE 6TH
Connecticut Huskies batting - Pitching for Pittsburgh Panthers : RHP Paul Bryant
Batting: RHB Barrett Barr 0-0: Ball
1-0: Swinging Strike
1-1: Fly out, F9 (Flyball, 89M)
Batting: LHB Stanley Smith 0-0: Foul Ball, location: 2F
0-1: DOUBLE (Line Drive, 8RXD)
Batting: RHB Bill Murray 0-0: Ball
1-0: Ball
2-0: Ball
3-0: Base on Balls
Batting: RHB Ward Dempsey 0-0: Called Strike
0-1: Ball
1-1: Ball
2-1: Called Strike
2-2: Grounds into double play, 5-4-3 (Groundball, 56)
Top of the 6th over - 0 run(s), 1 hit(s), 0 error(s), 1 left on base; Connecticut 6 - Pittsburgh 0
BOTTOM OF THE 6TH
Pittsburgh Panthers batting - Pitching for Connecticut Huskies : LHP Paul Williams
Batting: SHB Tim Mullen 0-0: Called Strike
0-1: Ball
1-1: Ground out 6-3 (Groundball, 6)
Batting: LHB Dave Brown 0-0: Swinging Strike
0-1: Foul Ball, location: 2F
0-2: Ball
1-2: Strikes out swinging
Batting: RHB Henry Cahill 0-0: Ball
1-0: Ball
2-0: Foul Ball, location: 2F
2-1: Ball
3-1: SOLO HOME RUN (Flyball, 9D), Distance : 342 ft
Batting: LHB Pablo Garza 0-0: Ball
1-0: Reached on error, E3 (Groundball, 3)
Pitching: RHP Edward Underwood
Batting: LHB Ramón Reynoso 0-0: Ball
1-0: Called Strike
1-1: Ball
2-1: Ball
3-1: Base on Balls
Pablo Garza to second
Batting: LHB Todd Emery 0-0: Swinging Strike
0-1: Ball
1-1: Ground out U3 (Groundball, 3)
Bottom of the 6th over - 1 run(s), 1 hit(s), 1 error(s), 2 left on base; Connecticut 6 - Pittsburgh 1
TOP OF THE 7TH
Connecticut Huskies batting - Pitching for Pittsburgh Panthers : RHP Paul Bryant
Batting: RHB Anthony Payton 0-0: Ball
1-0: Ball
2-0: Ground out 4-3 (Groundball, 4)
Batting: LHB Al Dooley 0-0: Fly out, F7 (Flyball, 7)
Batting: RHB Bill Moore 0-0: Called Strike
0-1: Ball
1-1: Ball
2-1: Ball
3-1: Foul Ball, location: 2F
3-2: Base on Balls
Pitching: LHP Richard Akers
Batting: RHB John Hatch 0-0: Called Strike
0-1: SINGLE (Groundball, 6D)
Bill Moore to second
Batting: RHB Steve Murphy 0-0: Foul Ball, location: 2F
0-1: Foul Ball, location: 2F
0-2: Strikes out swinging
Top of the 7th over - 0 run(s), 1 hit(s), 0 error(s), 2 left on base; Connecticut 6 - Pittsburgh 1
BOTTOM OF THE 7TH
Pittsburgh Panthers batting - Pitching for Connecticut Huskies : RHP Edward Underwood
Batting: RHB Karl Stone 0-0: Ball
1-0: Ball
2-0: Ball
3-0: Foul Ball, location: 2F
3-1: Base on Balls
Batting: LHB Harry Davis 0-0: Ball
1-0: Ball
2-0: Ball
3-0: Base on Balls
Karl Stone to second
Batting: RHB Richard Cardoza 0-0: SINGLE (Flyball, 8LS)
Karl Stone to third
Harry Davis to second
Batting: SHB Tim Mullen 0-0: Fly out, F5 (Popup, 56)
Batting: LHB Dave Brown 0-0: Foul Ball, location: 2F
0-1: Foul Ball, location: 2F
0-2: Strikes out swinging
Batting: RHB Henry Cahill 0-0: Called Strike
0-1: Ball
1-1: Swinging Strike
1-2: Strikes out swinging
Bottom of the 7th over - 0 run(s), 1 hit(s), 0 error(s), 3 left on base; Connecticut 6 - Pittsburgh 1
TOP OF THE 8TH
Connecticut Huskies batting - Pitching for Pittsburgh Panthers : LHP Richard Akers
Batting: RHB Barrett Barr 0-0: Ground out 6-3 (Groundball, 6)
Batting: LHB Stanley Smith 0-0: Called Strike
0-1: Ball
1-1: Called Strike
1-2: Foul Ball, location: 2F
1-2: Ground out 3-1 (Groundball, 34)
Batting: RHB Bill Murray 0-0: Called Strike
0-1: Ball
1-1: Ball
2-1: DOUBLE (Line Drive, 8LD) - OUT at third base trying to stretch hit.
Top of the 8th over - 0 run(s), 1 hit(s), 0 error(s), 0 left on base; Connecticut 6 - Pittsburgh 1
BOTTOM OF THE 8TH
Pittsburgh Panthers batting - Pitching for Connecticut Huskies : RHP Edward Underwood
Batting: LHB Pablo Garza 0-0: Foul Ball, location: 2F
0-1: Ball
1-1: Foul Ball, location: 2F
1-2: Ball
2-2: Foul Ball, location: 2F
2-2: Fly out, F7 (Flyball, 7LSF)
Batting: LHB Ramón Reynoso 0-0: Called Strike
0-1: Ball
1-1: Fly out, F5 (Popup, 56)
Batting: LHB Todd Emery 0-0: Ball
1-0: Ball
2-0: Foul Ball, location: 2F
2-1: Ball
3-1: Swinging Strike
3-2: Foul Ball, location: 2F
3-2: Foul Ball, location: 2F
3-2: Base on Balls
Batting: RHB Karl Stone 0-0: Called Strike
0-1: Ball
1-1: Foul Ball, location: 2F
1-2: Strikes out swinging
Bottom of the 8th over - 0 run(s), 0 hit(s), 0 error(s), 1 left on base; Connecticut 6 - Pittsburgh 1
TOP OF THE 9TH
Connecticut Huskies batting - Pitching for Pittsburgh Panthers : LHP Richard Akers
Batting: RHB Ward Dempsey 0-0: Ball
1-0: Ball
2-0: SINGLE (Groundball, 6MD)
Batting: RHB Anthony Payton 0-0: Ball
1-0: Foul Ball, location: 2F
1-1: Ball
2-1: Ball
3-1: Foul Ball, location: 2F
3-2: Strikes out swinging
Batting: LHB Al Dooley 0-0: Ball
1-0: SINGLE (Groundball, 56D)
Ward Dempsey to second
Batting: RHB Bill Moore 0-0: Grounds into double play, 5-4-3 (Groundball, 56)
Top of the 9th over - 0 run(s), 2 hit(s), 0 error(s), 1 left on base; Connecticut 6 - Pittsburgh 1
BOTTOM OF THE 9TH
Pittsburgh Panthers batting - Pitching for Connecticut Huskies : RHP Edward Underwood
Batting: LHB Harry Davis 0-0: Ball
1-0: Ball
2-0: Called Strike
2-1: Swinging Strike
2-2: Ball
3-2: Ground out U3 (Groundball, 3S)
Pitching: RHP Broderick Hallamore
Batting: RHB Richard Cardoza 0-0: Ball
1-0: Ball
2-0: Ball
3-0: Base on Balls
Batting: SHB Tim Mullen 0-0: Called Strike
0-1: Foul Ball, location: 2F
0-2: Strikes out swinging
Batting: LHB Dave Brown 0-0: Ball
1-0: Fly out, F7 (Flyball, 7)
Bottom of the 9th over - 0 run(s), 0 hit(s), 0 error(s), 1 left on base; Connecticut 6 - Pittsburgh 1
Tuesday, August 8th, 2017 - OOTP Baseball 17.12 Build 75